 Dungeon Crawl Stone Soup version 0.20-a0-270-g8e735b6 (webtiles) character file.

1348 XO4YCPATb the Ruffian (level 8, -2/70 HPs)
             Began as a Troll Hunter on Dec 9, 2016.
             Was a Believer of Cheibriados.
             Slain by Pikel
             ... wielding a +2 whip of electrocution
              (8 damage)
             ... on level 6 of the Dungeon.
             The game lasted 00:11:12 (3820 turns).

XO4YCPATb the Ruffian (Troll Hunter)                Turns: 3820, Time: 00:11:13

Health: -2/70      AC:  5    Str: 25    XL:     8   Next: 36%
Magic:  0/11       EV: 10    Int: 11    God:    Cheibriados [**....]
Gold:   242        SH:  0    Dex: 19    Spells: 7/7 levels left

rFire  . . .     SeeInvis .       - Unarmed
rCold  . . .     Gourm    +     b - +0 robe
rNeg   . . .     Faith    .     (no shield)
rPois  .         Spirit   +     (helmet restricted)
rElec  .         Reflect  .     (no cloak)
rCorr  .         Harm     .     (gloves unavailable)
MR     .....                    (boots unavailable)
Stlth  ++........               m - amulet of guardian spirit
                                q - +3 ring of dexterity
                                e - ring of flight

@: very slow
A: unfitting armour, claws 3, fast metabolism 3, gourmand, regeneration 1,
shaggy fur 1, tough skin 2
a: Bend Time, Renounce Religion, Evoke Flight


You were on level 6 of the Dungeon.
You worshipped Cheibriados.
Cheibriados was pleased with you.
You were completely stuffed.

You visited 1 branch of the dungeon, and saw 6 of its levels.

You collected 242 gold pieces.

Inventory:

Missiles
 c - 3 large rocks (quivered)
 d - 2 throwing nets
 n - 8 javelins
Armour
 b - a +0 robe (worn)
 u - a +0 large shield
Jewellery
 e - a ring of flight (left claw)
 m - an amulet of guardian spirit (around neck)
 q - a +3 ring of dexterity (right claw)
Wands
 x - a wand of iceblast (15/15)
Scrolls
 h - a scroll of recharging
 j - 2 scrolls of noise
 p - a scroll of fog
 r - a scroll of fear
 t - a scroll of amnesia
Potions
 a - 2 potions of curing
 k - 2 potions of heal wounds
 s - a potion of haste {unknown}
 z - a potion of degeneration {unknown}
 A - a potion of mutation {unknown}
 B - 2 potions of flight {unknown}
Comestibles
 f - 5 bread rations
 g - 2 meat rations
 i - 3 beef jerkies
 l - 5 fruits
 o - 7 chunks of flesh
 v - a royal jelly
 w - a slice of pizza


   Skills:
 - Level 1.5 Fighting
 - Level 5.0 Throwing
 - Level 1.5 Dodging
 - Level 0.3 Stealth
 + Level 6.6 Unarmed Combat
 * Level 6.0 Invocations


You had 7 spell levels left.
You didn't know any spells.

Dungeon Overview and Level Annotations

Branches:
Dungeon (6/15)
 Temple: D:4-7

Altars:
Cheibriados
Fedhas
Kikubaaqudgha
Nemelex Xobeh
Uskayaw
Xom
The Shining One

Shops:
D:4 (

Annotations:
D:6 Pikel


Innate Abilities, Weirdness & Mutations

You are too large for most types of armour.
You have claws for hands.
Your metabolism is lightning-fast.
You like to eat raw meat.
Your natural rate of healing is unusually fast.
You are covered in fur. (AC +1)
You have very tough skin. (AC +2)


Message History

Pikel is severely wounded.
Pikel hits you with a whip of electrocution!
You are electrocuted!
* * * LOW HITPOINT WARNING * * *
You are too injured to fight recklessly!
Throwing (i - inventory. (,) - cycle):
c - 5 large rocks (quivered)
Press: ? - help, Shift-Dir - straight line, f - Pikel
Aim: Pikel, wielding a whip of electrocution and wearing a robe (severely wounded)
You throw a large rock. The large rock hits Pikel.
Pikel is severely wounded.
Pikel hits you with a whip of electrocution.
* * * LOW HITPOINT WARNING * * *
Throwing (i - inventory. (,) - cycle):
c - 4 large rocks (quivered)
Press: ? - help, Shift-Dir - straight line, f/p - Pikel
Aim: Pikel, wielding a whip of electrocution and wearing a robe (severely wounded)
You throw a large rock. The large rock closely misses Pikel.
Pikel hits you with a whip of electrocution.
* * * LOW HITPOINT WARNING * * *
Pikel hits you with a whip of electrocution!
You die...

########## #........##
#.###.....#### ## #.#
#.........
##.#######.###.....####
.###(...K@...........##
......[.##.#######..##
.####.#.##.#######..######
# #.##.##.............
#.##.#.........#####
#.##.#..####.#.## #.##.#.
#.#..# #.##.# #.##.##
#..... .##...##


You could see Pikel.

Vanquished Creatures
  Sigmund (D:4)
  Duvessa (D:5)
  A sky beast (D:6)
  2 orc warriors
  4 slaves (D:6)
  An ogre (D:4)
  Dowan (D:5)
  A howler monkey (D:4)
  A crimson imp (D:6)
  A hound (D:5)
  A gnoll shaman (D:5)
  4 orc priests
  2 orc wizards
  Natasha (D:4)
  An iguana (D:5)
  3 worker ants
  A hound skeleton (D:5)
  3 gnolls (D:5)
  11 adders
  2 oozes
  An adder skeleton (D:6)
  A dart slug (D:1)
  4 leopard geckos
  10 orcs
  3 giant cockroaches
  16 goblins
  10 hobgoblins
  7 jackals
  5 kobolds
  2 quokkas
  6 bats
  3 frilled lizards
  A leopard gecko skeleton (D:4)
  A quokka zombie (D:5)
  11 rats
  A plant (D:2)
125 creatures vanquished.

Notes
Turn   | Place    | Note
-------+----------+-------------------------------------------
     0 | D:1      | XO4YCPATb the Troll Hunter began the quest for the Orb.
     0 | D:1      | Reached XP level 1. HP: 19/19 MP: 0/0
   139 | D:1      | Reached skill level 1 in Unarmed Combat
   152 | D:1      | Reached XP level 2. HP: 27/27 MP: 1/1
   357 | D:1      | Reached XP level 3. HP: 33/33 MP: 2/2
   404 | D:1      | You fall through a shaft!
   815 | D:2      | Reached XP level 4. HP: 37/41 MP: 3/3
  1339 | D:3      | Noticed an orc warrior
  1340 | D:3      | Killed an orc warrior
  1340 | D:3      | Reached XP level 5. HP: 37/48 MP: 2/4
  1791 | D:3      | Found a sparkling altar of Nemelex Xobeh.
  1855 | D:3      | Reached XP level 6. HP: 55/55 MP: 5/5
  1996 | D:3      | Reached skill level 5 in Throwing
  2168 | D:4      | Found a shimmering altar of Xom.
  2169 | D:4      | Found a glowing golden altar of the Shining One.
  2170 | D:4      | Found an ancient bone altar of Kikubaaqudgha.
  2170 | D:4      | Found a snail-covered altar of Cheibriados.
  2182 | D:4      | Became a worshipper of Cheibriados the Contemplative
  2230 | D:4      | Reached skill level 5 in Unarmed Combat
  2230 | D:4      | Reached skill level 1 in Invocations
  2250 | D:4      | Noticed Sigmund
  2251 | D:4      | Killed Sigmund
  2251 | D:4      | Reached XP level 7. HP: 62/62 MP: 6/8
  2545 | D:4      | Noticed Natasha
  2546 | D:4      | Found Jeusuot's Weapon Boutique.
  2549 | D:4      | Reached * piety under Cheibriados
  2552 | D:4      | Killed Natasha
  2790 | D:5      | Entered Level 5 of the Dungeon
  3021 | D:5      | Noticed Duvessa
  3023 | D:5      | Noticed Dowan
  3024 | D:5      | Killed Duvessa
  3028 | D:5      | Killed Dowan
  3274 | D:5      | Found a blossoming altar of Fedhas.
  3360 | D:5      | Reached XP level 8. HP: 70/70 MP: 10/10
  3392 | D:5      | Reached skill level 5 in Invocations
  3596 | D:5      | Reached ** piety under Cheibriados
  3753 | D:6      | Found a hide-covered altar of Uskayaw.
  3807 | D:6      | Noticed Pikel
  3820 | D:6      | Slain by Pikel

Vault maps used:
D:1:      dpeg_arrival_prison
D:2:      serial_bayou, serial_bayou_shore_b, serial_bayou_lake_a,
          serial_bayou_pond_d, serial_bayou_pond_e
D:3:      nemelex_xobeh_ov_fountains_minmay, minmay_misc_feat_cross
D:4:      cheibrodos_greedy_goblins, chequers_temple_overflow_statue_of_worship,
          serial_shops, shop, uniq_sigmund, uniq_natasha
D:5:      lemuel_upstairs_altar, fedhas_altar_2, first_bread, uniq_duvessa
D:6:      lemuel_round_altar, kennysheep_generic_room_3, uniq_pikel,
          uniq_blork_the_orc

Skill      XL: |  1  2  3  4  5  6  7  8 |
---------------+-------------------------+-----
Unarmed Combat | 1 2 4 5 6 |  6.6
Throwing       | 4 5 |  5.0
Invocations    | 2 4 6 |  6.0
Fighting       | |  1.5
Dodging        | |  1.5
Stealth        | |  0.3

Action                   |  1- 3 |  4- 6 |  7- 9 || total
-------------------------+-------+-------+-------++-------
Melee: Unarmed           |    96 |    90 |   131 ||   317
       Punch             |       |       |     6 ||     6
Throw: Large rock        |     4 |     7 |    18 ||    29
       Javelin           |       |       |     1 ||     1
  Use: Scroll            |       |     6 |     5 ||    11
       Potion            |       |     1 |       ||     1
 Stab: Sleeping          |     3 |     1 |       ||     4
  Eat: Chunk             |    11 |    16 |    10 ||    37
Armor: Robe              |    39 |    15 |    29 ||    83
Dodge: Dodged            |    60 |    38 |    55 ||   153
